Stars vs Ice Hogs

Created - Wednesday, October 14, 2015 at 03:51

Goals
1 2 3 T
Stars 0 1 0 1
Ice Hogs 1 1 0 2
Shots
1 2 3 T
Stars 3 9 5 17
Ice Hogs 12 8 9 29

1st period

1. Ice Hogs , Seth Griffith 3 (Matt Fraser) at 9:23

Penalties :
Steven Delisle (TEX) for Hooking (Minor) at 1:54, Zach Sill (TEX) for Cross-checking (Minor) at 11:08

2nd period

2. Ice Hogs , Seth Griffith 4 (Tim Schaller, Anton Volchenkov) at 12:33 (SH)
3. Stars , Zac Dalpe 1 (Brandon Kozun) at 13:15

Penalties :
Travis Morin (RIH) for Cross-checking (Minor) at 11:09

3rd period

No Goal

Penalties :
Will Acton (RIH) for Fighting (Major) at 8:17, Zach Sill (TEX) for Fighting (Major) at 8:17, Will Acton (RIH) for instigated a fight (Minor) at 8:17, Will Acton (RIH) for instigated a fight (10 Minutes Misconduct) at 8:17, Alexandre Grenier (TEX) for Hooking (Minor) at 11:39, Mathieu Brodeur (RIH) for High sticking (Minor) at 15:42, Derek Hulak (RIH) for Holding (Minor) at 18:01

Goalie Stats

Justin Peters (TEX), 27 saves from 29 shots - (0.931), L, 1-2-1, 59:00 minutes
Yann Danis (RIH), 16 saves from 17 shots - (0.941), W, 2-2-0, 60:00 minutes

Players Stats for Stars

Player Name              G  A  P  +/- PIM S  H  SB GA TA FO     MP     PP MP  PK MP  
------------------------------------------------------------------------------------
Alexandre Grenier        0  0  0   0  2   0  2  1  0  0  1/1    15:21   0:00   0:00 
Austin Madaisky          0  0  0   0  0   0  0  3  0  0  0/0    24:36   3:44   4:11 
Brad Malone              0  0  0  -1  0   1  3  1  3  0  0/0    16:45   4:01   1:11 
Brandon Kozun            0  1  1   0  0   2  2  0  2  0  0/0    16:09   3:54   0:00 
Brent Sopel              0  0  0   0  0   0  0  1  0  2  0/0    12:17   0:00   0:11 
Brett Ritchie            0  0  0  -1  0   2  1  1  1  0  2/4    20:59   3:55   1:42 
Cameron Gaunce           0  0  0   0  0   0  2  2  1  1  0/0    26:01   3:44   3:57 
Dalton Smith             0  0  0   0  0   0  0  0  0  0  0/0     0:00   0:00   0:00 
Derrick Pouliot          0  0  0  -1  0   2  0  2  0  2  0/0    26:53   4:11   2:30 
Jason Williams           0  0  0   0  0   1  0  0  1  0  1/2     7:31   0:00   0:00 
John Albert              0  0  0   0  0   1  1  1  0  1  3/8    18:09   1:11   0:48 
Jonathan Diaby           0  0  0  -1  0   0  0  0  0  0  0/0     4:32   0:00   0:00 
Justin Shugg             0  0  0   0  0   0  1  0  0  0  0/0    20:06   3:54   3:10 
Miikka Salomaki          0  0  0   0  0   0  0  0  2  0  0/0    14:33   0:00   0:00 
Paul Thompson            0  0  0   0  0   0  0  2  0  2  0/1    11:09   0:00   2:23 
Steven Delisle           0  0  0   0  2   1  3  0  0  0  0/0    25:52   4:11   1:05 
Zac Dalpe                1  0  1   0  0   5  0  2  3  2  3/8    17:32   3:54   1:11 
Zach Sill                0  0  0  -1  7   2  5  0  2  1  4/10   15:40   2:56   1:35 

Players Stats for Ice Hogs

Player Name              G  A  P  +/- PIM S  H  SB GA TA FO     MP     PP MP  PK MP  
------------------------------------------------------------------------------------
Alexey Marchenko         0  0  0   1  0   1  0  1  1  1  0/0    20:55   2:52   3:41 
Anton Volchenkov         0  1  1   0  0   3  0  0  0  1  0/0    24:11   3:05   4:14 
Brandon Gormley          0  0  0   1  0   2  2  2  0  1  0/0    23:34   2:52   3:41 
Colin McDonald           0  0  0   0  0   1  3  0  4  0  0/0    14:31   3:01   0:00 
Derek Hulak              0  0  0   0  2   2  1  0  4  1  0/0    11:05   0:00   0:00 
Frank Corrado            0  0  0   0  0   2  2  1  3  0  0/0    21:08   3:05   4:14 
Mathieu Brodeur          0  0  0   0  2   0  2  1  0  0  0/0    14:53   0:00   0:00 
Matt Fraser              0  1  1   1  0   0  2  0  0  1  0/0    14:05   2:56   0:00 
Oscar Lindberg           0  0  0   0  0   3  1  0  3  0  1/5    16:55   0:00   4:18 
Petr Straka              0  0  0   0  0   3  0  0  0  0  0/0    12:37   0:00   0:00 
Ryan Haggerty            0  0  0   0  0   0  0  0  0  0  0/0    11:06   0:00   0:00 
Scott Wilson             0  0  0   0  0   1  1  0  1  0  2/2    15:32   3:01   0:52 
Seth Griffith            2  0  2   1  0   5  0  0  2  0  0/1    18:12   2:56   3:37 
T.J. Tynan               0  0  0   0  0   0  1  0  1  0  3/3    11:06   0:00   0:00 
Tim Schaller             0  1  1   1  0   3  1  0  2  0  9/16   18:12   2:56   3:37 
Travis Morin             0  0  0  -1  2   2  3  0  0  0  5/7    17:19   3:01   3:26 
Viktor Svedberg          0  0  0   0  0   0  1  0  0  0  0/0    15:18   0:00   0:00 
Will Acton               0  0  0   0  17  1  1  0  0  1  0/0    11:22   0:00   0:00 

3 Stars

1 - Seth Griffith (RIH)
2 - Yann Danis (RIH)
3 - Zac Dalpe (TEX)

Power Play

Stars - 0 on 4 Attempt(s) - 0.00%
Ice Hogs - 0 on 3 Attempt(s) - 0.00%

Penalty Kill

Stars - 3 on 3 Attempt(s) - 100.00% - Score 0 goal in Penalty Kill
Ice Hogs - 4 on 4 Attempt(s) - 100.00% - Score 1 goal in Penalty Kill

Team Stat

Stars - Hits : 20 - Faceoff Wins : 14 - Blocked Shots : 16 - Penalty Minutes : 11
Ice Hogs - Hits : 21 - Faceoff Wins : 20 - Blocked Shots : 5 - Penalty Minutes : 23

Official

Referees : Unknown
Linesman : Unknown

Game Notes

Will Acton and Zach Sill fight to a draw at 8:17 of 3rd period

Finance

Level 1 -- Attendance: 1527 (76.35%) -- Ticket Income $53,445
Level 2 -- Attendance: 747 (74.70%) -- Ticket Income $11,205
Total Attendance: 2274 (75.80%)
Total Ticket Income: $64,650
Other Income: $31,678
Total Income: $96,328

Stars

5 vs 5 Forward 
   Center                   Left Wing                Right Wing               Time % Phy DF OF 
 1 Zach Sill                Brad Malone              Brett Ritchie            35     1   2  2  
 2 Zac Dalpe                Justin Shugg             Brandon Kozun            30     1   2  2  
 3 John Albert              Miikka Salomaki          Alexandre Grenier        22     1   2  2  
 4 Jason Williams           Brett Ritchie            Paul Thompson            13     1   2  2  

5 vs 5 Defense 
   Defense                  Defense                                           Time % Phy DF OF 
 1 Derrick Pouliot          Steven Delisle                                    35     1   2  2  
 2 Austin Madaisky          Cameron Gaunce                                    30     1   2  2  
 3 Steven Delisle           Derrick Pouliot                                   22     1   2  2  
 4 Derrick Pouliot          Cameron Gaunce                                    13     1   2  2  

PowerPlay Forward 
   Center                   Left Wing                Right Wing               Time % Phy DF OF 
 1 Zach Sill                Brad Malone              Brett Ritchie            60     1   2  2  
 2 Zac Dalpe                Justin Shugg             Brandon Kozun            40     1   2  2  

PowerPlay Defense
   Defense                  Defense                                           Time % Phy DF OF 
 1 Derrick Pouliot          Steven Delisle                                    60     1   2  2  
 2 Austin Madaisky          Cameron Gaunce                                    40     1   2  2  

Penalty Kill 4 Players Forward 
   Center                   Wing                     Time % Phy DF OF 
 1 Brett Ritchie            Zach Sill                60     1   2  2  
 2 Brad Malone              Zac Dalpe                40     1   2  2  

Penalty Kill 4 Players Defense
   Defense                  Defense                  Time % Phy DF OF 
 1 Derrick Pouliot          Steven Delisle           60     1   2  2  
 2 Austin Madaisky          Cameron Gaunce           40     1   2  2  

Penalty Kill - 3 Players Forward 
   Forward                                           Time % Phy DF OF 
 1 Brett Ritchie                                     60     1   2  2  
 2 Zach Sill                                         40     1   2  2  

Penalty Kill - 3 Players Defense
   Defense                  Defense                  Time % Phy DF OF 
 1 Derrick Pouliot          Steven Delisle           60     1   2  2  
 2 Austin Madaisky          Cameron Gaunce           40     1   2  2  

4 vs 4 Forward 
   Center                   Wing                     Time % Phy DF OF 
 1 Brett Ritchie            Zach Sill                60     1   2  2  
 2 Brad Malone              Zac Dalpe                40     1   2  2  

4 vs 4 Defense
   Defense                  Defense                  Time % Phy DF OF 
 1 Derrick Pouliot          Steven Delisle           60     1   2  2  
 2 Austin Madaisky          Cameron Gaunce           40     1   2  2  

Last Minutes Offensive
   Center                   Left Wing                Right Wing               Defense                  Defense                  
   Zach Sill                Brad Malone              Brett Ritchie            Derrick Pouliot          Austin Madaisky          

Last Minutes Defensive
   Center                   Left Wing                Right Wing               Defense                  Defense                  
   Zach Sill                Brad Malone              Brett Ritchie            Derrick Pouliot          Austin Madaisky          

Goaltenders
Starting : Justin Peters            
Backup : Pat Nagle                

Extra Forwards
Normal : John Albert, Alexandre Grenier, Paul Thompson - PP : John Albert, Alexandre Grenier - PK : Paul Thompson
Extra Defensemen
Normal : Steven Delisle, Derrick Pouliot, Austin Madaisky - PP : Steven Delisle - PK : Derrick Pouliot, Austin Madaisky
Penalty Shots
Brett Ritchie, Zach Sill, Brad Malone, Zac Dalpe, Brandon Kozun

Ice Hogs

5 vs 5 Forward 
   Center                   Left Wing                Right Wing               Time % Phy DF OF 
 1 Tim Schaller             Matt Fraser              Seth Griffith            30     1   2  2  
 2 Travis Morin             Scott Wilson             Colin McDonald           25     1   2  2  
 3 Oscar Lindberg           Will Acton               Petr Straka              25     1   2  2  
 4 T.J. Tynan               Derek Hulak              Ryan Haggerty            20     1   2  2  

5 vs 5 Defense 
   Defense                  Defense                                           Time % Phy DF OF 
 1 Anton Volchenkov         Frank Corrado                                     30     1   2  2  
 2 Alexey Marchenko         Brandon Gormley                                   30     1   2  2  
 3 Viktor Svedberg          Mathieu Brodeur                                   30     1   2  2  
 4 Anton Volchenkov         Brandon Gormley                                   10     1   2  2  

PowerPlay Forward 
   Center                   Left Wing                Right Wing               Time % Phy DF OF 
 1 Tim Schaller             Matt Fraser              Seth Griffith            50     1   1  3  
 2 Travis Morin             Scott Wilson             Colin McDonald           50     1   1  3  

PowerPlay Defense
   Defense                  Defense                                           Time % Phy DF OF 
 1 Anton Volchenkov         Frank Corrado                                     50     0   2  3  
 2 Alexey Marchenko         Brandon Gormley                                   50     0   2  3  

Penalty Kill 4 Players Forward 
   Center                   Wing                     Time % Phy DF OF 
 1 Tim Schaller             Seth Griffith            50     1   3  1  
 2 Travis Morin             Oscar Lindberg           50     1   3  1  

Penalty Kill 4 Players Defense
   Defense                  Defense                  Time % Phy DF OF 
 1 Anton Volchenkov         Frank Corrado            50     1   4  0  
 2 Alexey Marchenko         Brandon Gormley          50     1   4  0  

Penalty Kill - 3 Players Forward 
   Forward                                           Time % Phy DF OF 
 1 Colin McDonald                                    50     1   4  0  
 2 Tim Schaller                                      50     1   4  0  

Penalty Kill - 3 Players Defense
   Defense                  Defense                  Time % Phy DF OF 
 1 Anton Volchenkov         Frank Corrado            50     1   4  0  
 2 Alexey Marchenko         Brandon Gormley          50     1   4  0  

4 vs 4 Forward 
   Center                   Wing                     Time % Phy DF OF 
 1 Oscar Lindberg           Petr Straka              50     1   2  2  
 2 Travis Morin             Colin McDonald           50     1   2  2  

4 vs 4 Defense
   Defense                  Defense                  Time % Phy DF OF 
 1 Viktor Svedberg          Mathieu Brodeur          50     1   2  2  
 2 Alexey Marchenko         Brandon Gormley          50     1   2  2  

Last Minutes Offensive
   Center                   Left Wing                Right Wing               Defense                  Defense                  
   Tim Schaller             Matt Fraser              Colin McDonald           Brandon Gormley          Frank Corrado            

Last Minutes Defensive
   Center                   Left Wing                Right Wing               Defense                  Defense                  
   Travis Morin             Tim Schaller             Seth Griffith            Anton Volchenkov         Brandon Gormley          

Goaltenders
Starting : Yann Danis               
Backup : Ryan Faragher            

Extra Forwards
Normal : Colin McDonald, Oscar Lindberg, Matt Fraser - PP : Colin McDonald, Matt Fraser - PK : Scott Wilson
Extra Defensemen
Normal : Brandon Gormley, Mathieu Brodeur, Anton Volchenkov - PP : Frank Corrado - PK : Brandon Gormley, Anton Volchenkov
Penalty Shots
Travis Morin, Colin McDonald, Oscar Lindberg, Scott Wilson, Derek Hulak

% Time on Ice - Stars

Lines # - Real PCT - Wanted PCT - Time Play
Normal Forward
1 - 25% - 35% - 11:37
2 - 27% - 30% - 12:27
3 - 32% - 22% - 14:33
4 - 16% - 13% - 7:31
Normal Defense
1 - 36% - 35% - 16:41
2 - 39% - 30% - 18:02
3 - 17% - 22% - 8:04
4 - 7% - 13% - 3:21
PP Forward
1 - 51% - 60% - 4:01
2 - 49% - 40% - 3:54
PP Defense
1 - 53% - 60% - 4:11
2 - 47% - 40% - 3:44
PK Forward
1 - 80% - 60% - 4:46
2 - 20% - 40% - 1:11
PK Defense
1 - 42% - 60% - 2:30
2 - 58% - 40% - 3:27
PK3 Forward
1 - 0% - 60%
2 - 0% - 40%
PK3 Defense
1 - 0% - 60%
2 - 0% - 40%
44 Forward
1 - 0% - 60%
2 - 0% - 40%
44 Defense
1 - 0% - 60%
2 - 0% - 40%
Last Minute Offensive  - 0:00
Last Minute Defensive  - 0:00
Total
Forward - 60:00
Defense - 60:00

% Time on Ice - Ice Hogs

Lines # - Real PCT - Wanted PCT - Time Play
Normal Forward
1 - 25% - 30% - 11:39
2 - 23% - 25% - 10:46
3 - 27% - 25% - 12:37
4 - 24% - 20% - 11:06
Normal Defense
1 - 30% - 30% - 13:49
2 - 31% - 30% - 14:22
3 - 32% - 30% - 14:54
4 - 7% - 10% - 3:03
PP Forward
1 - 49% - 50% - 2:56
2 - 51% - 50% - 3:01
PP Defense
1 - 52% - 50% - 3:05
2 - 48% - 50% - 2:52
PK Forward
1 - 46% - 50% - 3:37
2 - 54% - 50% - 4:18
PK Defense
1 - 53% - 50% - 4:14
2 - 47% - 50% - 3:41
PK3 Forward
1 - 0% - 50%
2 - 0% - 50%
PK3 Defense
1 - 0% - 50%
2 - 0% - 50%
44 Forward
1 - 0% - 50%
2 - 0% - 50%
44 Defense
1 - 0% - 50%
2 - 0% - 50%
Last Minute Offensive  - 0:00
Last Minute Defensive  - 0:00
Total
Forward - 60:00
Defense - 60:00

Play by Play

1st period


0:01 of 1st period - Tim Schaller wins face-off versus Zach Sill in neutral zone.
0:35 of 1st period - Snap shot by Matt Fraser.
0:35 of 1st period - Shot Misses the Net.
0:37 of 1st period - Slapshot by Anton Volchenkov.
0:37 of 1st period - Stopped by Justin Peters with a rebound.
1:09 of 1st period - Zac Dalpe is hit by Scott Wilson and loses puck.
1:16 of 1st period - Snap shot by Colin McDonald.
1:16 of 1st period - Shot Blocked by Cameron Gaunce.
1:30 of 1st period - Justin Shugg is hit by Oscar Lindberg and loses puck.
1:54 of 1st period - Minor Penalty to Steven Delisle for Hooking.
1:55 of 1st period - Brett Ritchie wins face-off versus Tim Schaller in Stars zone.
3:19 of 1st period - Icing by Anton Volchenkov.
3:20 of 1st period - Brett Ritchie wins face-off versus Tim Schaller in Ice Hogs zone.
3:54 of 1st period - Penalty to Steven Delisle is over, Steven Delisle is back on ice.
4:18 of 1st period - Snap shot by Derek Hulak.
4:18 of 1st period - Shot Blocked by John Albert.
4:29 of 1st period - Ryan Haggerty is hit by Alexandre Grenier and loses puck.
5:05 of 1st period - Slapshot by Brandon Gormley.
5:05 of 1st period - Shot Misses the Net.
5:27 of 1st period - Slapshot by Alexey Marchenko.
5:27 of 1st period - Stopped by Justin Peters with a rebound.
5:29 of 1st period - Snap shot by Petr Straka.
5:29 of 1st period - Stopped by Justin Peters with a rebound.
5:31 of 1st period - Slapshot by Brandon Gormley.
5:31 of 1st period - Stopped by Justin Peters with a rebound.
5:59 of 1st period - Wrist shot by Brandon Kozun.
5:59 of 1st period - Stopped by Yann Danis with a rebound.
6:23 of 1st period - Travis Morin is hit by John Albert and loses puck.
7:58 of 1st period - Miikka Salomaki is hit by Will Acton and loses puck.
8:40 of 1st period - Zac Dalpe is hit by Travis Morin and loses puck.
9:23 of 1st period - Snap shot by Seth Griffith.
9:23 of 1st period - Goal by Seth Griffith - Stars : 0 - Ice Hogs : 1.
9:24 of 1st period - Jason Williams wins face-off versus Oscar Lindberg in neutral zone.
10:24 of 1st period - Off-side.
10:25 of 1st period - Tim Schaller wins face-off versus Zach Sill in neutral zone.
10:36 of 1st period - Slapshot by Seth Griffith.
10:36 of 1st period - Shot Blocked by Brett Ritchie.
10:38 of 1st period - Snap shot by Tim Schaller.
10:38 of 1st period - Shot Misses the Net.
10:40 of 1st period - Snap shot by Tim Schaller.
10:40 of 1st period - Shot Misses the Net.
11:08 of 1st period - Minor Penalty to Zach Sill for Cross-checking.
11:09 of 1st period - Travis Morin wins face-off versus Paul Thompson in Stars zone.
11:20 of 1st period - Wrist shot by Austin Madaisky.
11:20 of 1st period - Shot Blocked by Frank Corrado.
12:16 of 1st period - Wrist shot by Seth Griffith.
12:16 of 1st period - Stopped by Justin Peters with a rebound.
12:32 of 1st period - Steven Delisle is hit by Colin McDonald and loses puck.
13:08 of 1st period - Penalty to Zach Sill is over, Zach Sill is back on ice.
13:38 of 1st period - John Albert is hit by T.J. Tynan and loses puck.
14:09 of 1st period - Wrist shot by Will Acton.
14:09 of 1st period - Shot Misses the Net.
14:11 of 1st period - Wrist shot by Petr Straka.
14:11 of 1st period - Stopped by Justin Peters with a rebound.
14:13 of 1st period - Slapshot by Will Acton.
14:13 of 1st period - Stopped by Justin Peters with a rebound.
14:23 of 1st period - Slapshot by Oscar Lindberg.
14:23 of 1st period - Stopped by Justin Peters with a rebound.
14:25 of 1st period - Snap shot by Petr Straka.
14:25 of 1st period - Stopped by Justin Peters with a rebound.
14:49 of 1st period - Snap shot by Brad Malone.
14:49 of 1st period - Stopped by Yann Danis with a rebound.
15:18 of 1st period - Icing by Brent Sopel.
15:19 of 1st period - Zac Dalpe wins face-off versus Tim Schaller in Stars zone.
15:40 of 1st period - Slapshot by Seth Griffith.
15:40 of 1st period - Shot Misses the Net.
15:42 of 1st period - Slapshot by Brandon Gormley.
15:42 of 1st period - Shot Blocked by Zac Dalpe.
15:44 of 1st period - Snap shot by Seth Griffith.
15:44 of 1st period - Shot Blocked by Zac Dalpe.
16:14 of 1st period - Slapshot by Will Acton.
16:14 of 1st period - Shot Misses the Net.
16:29 of 1st period - Zac Dalpe is hit by Travis Morin and loses puck.
17:16 of 1st period - Snap shot by Matt Fraser.
17:16 of 1st period - Deflect By Seth Griffith.
17:16 of 1st period - Stopped by Justin Peters with a rebound.
17:18 of 1st period - Slapshot by Seth Griffith.
17:18 of 1st period - Shot Blocked by Derrick Pouliot.
17:20 of 1st period - Slapshot by Matt Fraser.
17:20 of 1st period - Deflect By Seth Griffith.
17:20 of 1st period - Shot Blocked by Derrick Pouliot.
17:20 of 1st period - Puck is out of play.
17:21 of 1st period - Tim Schaller wins face-off versus John Albert in Stars zone.
17:30 of 1st period - Snap shot by Tim Schaller.
17:30 of 1st period - Stopped by Justin Peters with a rebound.
17:32 of 1st period - Slapshot by Anton Volchenkov.
17:32 of 1st period - Shot Blocked by Alexandre Grenier.
17:58 of 1st period - Slapshot by Brett Ritchie.
17:58 of 1st period - Stopped by Yann Danis with a rebound.
18:02 of 1st period - Wrist shot by Brett Ritchie.
18:02 of 1st period - Shot Misses the Net.
18:37 of 1st period - Mathieu Brodeur is hit by Zach Sill and loses puck.
18:50 of 1st period - Scott Wilson is hit by Zach Sill.
Goals for this period are 0 for Stars vs 1 for Ice Hogs.
Shots for this period are 3 for Stars vs 12 for Ice Hogs.

2nd period


0:01 of 2nd period - Tim Schaller wins face-off versus Brett Ritchie in neutral zone.
0:06 of 2nd period - Slapshot by Seth Griffith.
0:06 of 2nd period - Shot Blocked by Brad Malone.
0:47 of 2nd period - Colin McDonald is hit by Brett Ritchie and loses puck.
1:15 of 2nd period - Derrick Pouliot is hit by Colin McDonald and loses puck.
1:30 of 2nd period - Alexey Marchenko is hit by Steven Delisle.
3:18 of 2nd period - Wrist shot by Zac Dalpe.
3:18 of 2nd period - Stopped by Yann Danis with a rebound.
3:24 of 2nd period - Brandon Kozun is hit by Matt Fraser and loses puck.
3:51 of 2nd period - John Albert is hit by Frank Corrado and loses puck.
4:14 of 2nd period - Slapshot by Travis Morin.
4:14 of 2nd period - Deflect By Scott Wilson.
4:14 of 2nd period - Shot Misses the Net.
4:14 of 2nd period - Puck is out of play.
4:15 of 2nd period - Zach Sill wins face-off versus Oscar Lindberg in Stars zone.
4:59 of 2nd period - Wrist shot by Jason Williams.
4:59 of 2nd period - Stopped by Yann Danis with a rebound.
5:17 of 2nd period - Frank Corrado is hit by Cameron Gaunce and loses puck.
6:08 of 2nd period - Zach Sill is hit by Mathieu Brodeur and loses puck.
6:33 of 2nd period - Austin Madaisky is hit by Colin McDonald and loses puck.
7:16 of 2nd period - Snap shot by Derek Hulak.
7:16 of 2nd period - Shot Blocked by Brent Sopel.
7:18 of 2nd period - Slapshot by Anton Volchenkov.
7:18 of 2nd period - Shot Misses the Net.
7:20 of 2nd period - Slapshot by Anton Volchenkov.
7:20 of 2nd period - Stopped by Justin Peters without a rebound.
7:21 of 2nd period - Oscar Lindberg wins face-off versus Zach Sill in Stars zone.
8:17 of 2nd period - Steven Delisle is hit by Brandon Gormley.
8:42 of 2nd period - Wrist shot by Frank Corrado.
8:42 of 2nd period - Stopped by Justin Peters with a rebound.
8:44 of 2nd period - Backhand shot by Anton Volchenkov.
8:44 of 2nd period - Deflect By Derek Hulak.
8:44 of 2nd period - Shot Misses the Net.
8:44 of 2nd period - Puck is out of play.
8:45 of 2nd period - T.J. Tynan wins face-off versus John Albert in Stars zone.
9:18 of 2nd period - Tim Schaller is hit by Brad Malone and loses puck.
9:41 of 2nd period - Snap shot by Brandon Kozun.
9:41 of 2nd period - Stopped by Yann Danis without a rebound.
9:42 of 2nd period - Zac Dalpe wins face-off versus Oscar Lindberg in Ice Hogs zone.
10:15 of 2nd period - Oscar Lindberg is hit by Steven Delisle and loses puck.
11:01 of 2nd period - Wrist shot by Zac Dalpe.
11:01 of 2nd period - Stopped by Yann Danis with a rebound.
11:03 of 2nd period - Slapshot by Zac Dalpe.
11:03 of 2nd period - Stopped by Yann Danis with a rebound.
11:09 of 2nd period - Minor Penalty to Travis Morin for Cross-checking.
11:10 of 2nd period - Zach Sill wins face-off versus Tim Schaller in Ice Hogs zone.
11:11 of 2nd period - Snap shot by Brad Malone.
11:11 of 2nd period - Shot Blocked by Brandon Gormley.
11:13 of 2nd period - Slapshot by Steven Delisle.
11:13 of 2nd period - Shot Misses the Net.
11:15 of 2nd period - Snap shot by Zach Sill.
11:15 of 2nd period - Stopped by Yann Danis without a rebound.
11:16 of 2nd period - Zach Sill wins face-off versus Tim Schaller in Ice Hogs zone.
11:19 of 2nd period - Wrist shot by Brad Malone.
11:19 of 2nd period - Deflect By Zach Sill.
11:19 of 2nd period - Stopped by Yann Danis with a rebound.
11:21 of 2nd period - Snap shot by Zach Sill.
11:21 of 2nd period - Shot Misses the Net.
11:23 of 2nd period - Slapshot by Derrick Pouliot.
11:23 of 2nd period - Shot Misses the Net.
11:54 of 2nd period - Off-side.
11:55 of 2nd period - Scott Wilson wins face-off versus Zac Dalpe in neutral zone.
12:01 of 2nd period - Icing by Steven Delisle.
12:02 of 2nd period - Tim Schaller wins face-off versus Zac Dalpe in Stars zone.
12:27 of 2nd period - Wrist shot by Tim Schaller.
12:27 of 2nd period - Deflect By Seth Griffith.
12:27 of 2nd period - Stopped by Justin Peters with a rebound.
12:33 of 2nd period - Slapshot by Seth Griffith.
12:33 of 2nd period - Goal by Seth Griffith - Stars : 0 - Ice Hogs : 2.
12:34 of 2nd period - Scott Wilson wins face-off versus Zach Sill in neutral zone.
13:02 of 2nd period - Off-side.
13:03 of 2nd period - Zac Dalpe wins face-off versus Seth Griffith in neutral zone.
13:09 of 2nd period - Penalty to Travis Morin is over, Travis Morin is back on ice.
13:15 of 2nd period - Snap shot by Zac Dalpe.
13:15 of 2nd period - Goal by Zac Dalpe - Stars : 1 - Ice Hogs : 2.
13:16 of 2nd period - Tim Schaller wins face-off versus John Albert in neutral zone.
14:32 of 2nd period - Brandon Kozun is hit by Travis Morin and loses puck.
15:00 of 2nd period - Petr Straka is hit by Zach Sill and loses puck.
15:24 of 2nd period - Zach Sill is hit by Brandon Gormley and loses puck.
15:37 of 2nd period - Derek Hulak is hit by Brad Malone and loses puck.
16:41 of 2nd period - Slapshot by Derrick Pouliot.
16:41 of 2nd period - Shot Misses the Net.
17:09 of 2nd period - Wrist shot by Travis Morin.
17:09 of 2nd period - Stopped by Justin Peters with a rebound.
17:11 of 2nd period - Snap shot by Travis Morin.
17:11 of 2nd period - Stopped by Justin Peters with a rebound.
17:13 of 2nd period - Slapshot by Alexey Marchenko.
17:13 of 2nd period - Shot Misses the Net.
17:47 of 2nd period - Snap shot by Oscar Lindberg.
17:47 of 2nd period - Stopped by Justin Peters with a rebound.
17:49 of 2nd period - Snap shot by Oscar Lindberg.
17:49 of 2nd period - Stopped by Justin Peters with a rebound.
18:01 of 2nd period - Jason Williams is hit by Viktor Svedberg and loses puck.
18:06 of 2nd period - Backhand shot by T.J. Tynan.
18:06 of 2nd period - Shot Misses the Net.
18:29 of 2nd period - Wrist shot by Derrick Pouliot.
18:29 of 2nd period - Stopped by Yann Danis without a rebound.
18:30 of 2nd period - John Albert wins face-off versus Tim Schaller in Ice Hogs zone.
Goals for this period are 1 for Stars vs 1 for Ice Hogs.
Shots for this period are 9 for Stars vs 8 for Ice Hogs.

3rd period


0:01 of 3rd period - Tim Schaller wins face-off versus Zach Sill in neutral zone.
0:04 of 3rd period - Brad Malone is hit by Matt Fraser and loses puck.
0:21 of 3rd period - Snap shot by Tim Schaller.
0:21 of 3rd period - Stopped by Justin Peters with a rebound.
0:23 of 3rd period - Wrist shot by Frank Corrado.
0:23 of 3rd period - Shot Misses the Net.
0:25 of 3rd period - Slapshot by Anton Volchenkov.
0:25 of 3rd period - Stopped by Justin Peters with a rebound.
0:27 of 3rd period - Slapshot by Frank Corrado.
0:27 of 3rd period - Shot Misses the Net.
1:51 of 3rd period - Wrist shot by Miikka Salomaki.
1:51 of 3rd period - Shot Blocked by Mathieu Brodeur.
2:03 of 3rd period - Snap shot by Miikka Salomaki.
2:03 of 3rd period - Deflect By John Albert.
2:03 of 3rd period - Stopped by Yann Danis with a rebound.
2:27 of 3rd period - Wrist shot by Brett Ritchie.
2:27 of 3rd period - Stopped by Yann Danis without a rebound.
2:28 of 3rd period - T.J. Tynan wins face-off versus Jason Williams in Ice Hogs zone.
2:41 of 3rd period - Slapshot by Alexey Marchenko.
2:41 of 3rd period - Shot Blocked by Austin Madaisky.
2:51 of 3rd period - Slapshot by Alexey Marchenko.
2:51 of 3rd period - Shot Hit the Post.
2:53 of 3rd period - Slapshot by Brandon Gormley.
2:53 of 3rd period - Shot Blocked by Paul Thompson.
2:55 of 3rd period - Snap shot by Brandon Gormley.
2:55 of 3rd period - Shot Blocked by Austin Madaisky.
3:52 of 3rd period - Colin McDonald is hit by Steven Delisle and loses puck.
5:40 of 3rd period - Wrist shot by Derek Hulak.
5:40 of 3rd period - Stopped by Justin Peters without a rebound.
5:41 of 3rd period - Zach Sill wins face-off versus Tim Schaller in Stars zone.
5:46 of 3rd period - Tim Schaller is hit by Zach Sill and loses puck.
6:07 of 3rd period - Matt Fraser is hit by Alexandre Grenier and loses puck.
7:16 of 3rd period - Derek Hulak is hit by Justin Shugg and loses puck.
7:29 of 3rd period - Brandon Kozun is hit by Derek Hulak and loses puck.
8:17 of 3rd period - Will Acton and Zach Sill fight to a draw.
8:17 of 3rd period - Penalty to Will Acton for Fighting.
8:17 of 3rd period - Penalty to Zach Sill for Fighting.
8:17 of 3rd period - Penalty to Will Acton for instigated a fight.
8:17 of 3rd period - Penalty to Will Acton for instigated a fight.
8:18 of 3rd period - Travis Morin wins face-off versus John Albert in Stars zone.
8:19 of 3rd period - Wrist shot by Frank Corrado.
8:19 of 3rd period - Stopped by Justin Peters without a rebound.
8:20 of 3rd period - John Albert wins face-off versus Travis Morin in Stars zone.
8:47 of 3rd period - Off-side.
8:48 of 3rd period - Tim Schaller wins face-off versus Zac Dalpe in neutral zone.
9:48 of 3rd period - Slapshot by Alexey Marchenko.
9:48 of 3rd period - Shot Blocked by Cameron Gaunce.
9:50 of 3rd period - Slapshot by Brandon Gormley.
9:50 of 3rd period - Stopped by Justin Peters without a rebound.
9:51 of 3rd period - John Albert wins face-off versus Travis Morin in Stars zone.
10:17 of 3rd period - Penalty to Will Acton is over, Scott Wilson is send on ice.
10:18 of 3rd period - Alexey Marchenko is hit by Cameron Gaunce and loses puck.
11:13 of 3rd period - Wrist shot by Derek Hulak.
11:13 of 3rd period - Stopped by Justin Peters without a rebound.
11:14 of 3rd period - Alexandre Grenier wins face-off versus Oscar Lindberg in Stars zone.
11:37 of 3rd period - Snap shot by Oscar Lindberg.
11:37 of 3rd period - Deflect By Colin McDonald.
11:37 of 3rd period - Stopped by Justin Peters with a rebound.
11:39 of 3rd period - Minor Penalty to Alexandre Grenier for Hooking.
11:40 of 3rd period - Travis Morin wins face-off versus Brett Ritchie in Stars zone.
11:55 of 3rd period - Slapshot by Brandon Gormley.
11:55 of 3rd period - Shot Misses the Net.
11:57 of 3rd period - Slapshot by Brandon Gormley.
11:57 of 3rd period - Shot Blocked by Paul Thompson.
12:35 of 3rd period - Snap shot by Tim Schaller.
12:35 of 3rd period - Stopped by Justin Peters with a rebound.
12:45 of 3rd period - Snap shot by Seth Griffith.
12:45 of 3rd period - Shot Blocked by Austin Madaisky.
13:17 of 3rd period - Penalty to Zach Sill is over, Zach Sill is back on ice.
13:29 of 3rd period - Alexey Marchenko is hit by Zach Sill and loses puck.
13:38 of 3rd period - Backhand shot by Derrick Pouliot.
13:38 of 3rd period - Stopped by Yann Danis with a rebound.
13:39 of 3rd period - Penalty to Alexandre Grenier is over, Alexandre Grenier is back on ice.
13:40 of 3rd period - Snap shot by Zach Sill.
13:40 of 3rd period - Shot Blocked by Brandon Gormley.
14:16 of 3rd period - Brent Sopel is hit by Mathieu Brodeur and loses puck.
14:32 of 3rd period - Wrist shot by Scott Wilson.
14:32 of 3rd period - Stopped by Justin Peters with a rebound.
14:41 of 3rd period - Icing by Alexandre Grenier.
14:42 of 3rd period - T.J. Tynan wins face-off versus John Albert in Stars zone.
15:20 of 3rd period - Alexandre Grenier is hit by Frank Corrado and loses puck.
15:42 of 3rd period - Minor Penalty to Mathieu Brodeur for High sticking.
15:43 of 3rd period - Travis Morin wins face-off versus Zach Sill in Ice Hogs zone.
16:06 of 3rd period - Snap shot by Brad Malone.
16:06 of 3rd period - Deflect By Alexey Marchenko.
16:06 of 3rd period - Shot Misses the Net.
16:06 of 3rd period - Puck is out of play.
16:07 of 3rd period - Travis Morin wins face-off versus Zac Dalpe in Ice Hogs zone.
16:58 of 3rd period - Anton Volchenkov is hit by Brad Malone and loses puck.
17:25 of 3rd period - Anton Volchenkov is hit by Brandon Kozun and loses puck.
17:42 of 3rd period - Penalty to Mathieu Brodeur is over, Mathieu Brodeur is back on ice.
18:01 of 3rd period - Minor Penalty to Derek Hulak for Holding.
18:02 of 3rd period - Tim Schaller wins face-off versus Zac Dalpe in Ice Hogs zone.
18:17 of 3rd period - Brandon Gormley is hit by Brandon Kozun and loses puck.
18:58 of 3rd period - Snap shot by Brandon Kozun.
18:58 of 3rd period - Deflect By Zac Dalpe.
18:58 of 3rd period - Stopped by Yann Danis with a rebound.
19:00 of 3rd period - Stars, Justin Peters is pulled from the net.
19:00 of 3rd period - Wrist shot by Zac Dalpe.
19:00 of 3rd period - Shot Misses the Net.
19:02 of 3rd period - Backhand shot by Brandon Kozun.
19:02 of 3rd period - Shot Blocked by Alexey Marchenko.
19:04 of 3rd period - Snap shot by Steven Delisle.
19:04 of 3rd period - Stopped by Yann Danis with a rebound.
19:06 of 3rd period - Snap shot by Zac Dalpe.
19:06 of 3rd period - Shot Misses the Net.
19:38 of 3rd period - Derrick Pouliot is hit by Tim Schaller and loses puck.
Goals for this period are 0 for Stars vs 0 for Ice Hogs.
Shots for this period are 5 for Stars vs 9 for Ice Hogs.